 Dungeon Crawl Stone Soup version 0.29-a0-338-g1ff7896281 (webtiles) character file.

Game seed: 1429920458731298097

4994 Essalna the Thaumaturge (level 10, 0/84 HPs)
             Began as a Deep Elf Conjurer on Apr 19, 2022.
             Succumbed to a hornet's poison
             ... on level 8 of the Dungeon.
             The game lasted 00:24:46 (10868 turns).

Essalna the Thaumaturge (Deep Elf Conjurer)        Turns: 10868, Time: 00:24:47

Health: 0/84       AC: 25    Str:  4    XL:     10   Next: 29%
Magic:  4/25       EV:  2    Int: 28    God:
Gold:   624        SH:  0    Dex: 13    Spells: 13/27 levels left

rFire   . . .      SeeInvis .   n - +0 whip (venom)
rCold   . . .      Faith    .   (no shield)
rNeg    + . .      Spirit   .   (body armour currently unavailable)
rPois   +          Reflect  .   (helmet currently unavailable)
rElec   .          Harm     .   (cloak currently unavailable)
rCorr   .          Rampage  .   (gloves currently unavailable)
Will    +....      NoTele   +   (boots currently unavailable)
Stlth   +++.......              (no amulet)
HPRegen 0.24/turn               v - ring of positive energy
MPRegen 0.19/turn               y - ring of poison resistance

@: lethally poisoned (0 -> -11), tree-form
A: stationary, stasis, torment immunity, boosted hp
a: no special abilities


You were on level 8 of the Dungeon.
You were a tree.
You visited 2 branches of the dungeon, and saw 9 of its levels.
You also visited: Bailey.

You collected 624 gold pieces.

Inventory:

Hand Weapons
 n - a +0 whip of venom (weapon)
Missiles
 B - a throwing net
Armour
 d - a +2 cloak (melded)
 w - a +0 pair of boots (melded)
 z - a +2 leather armour of willpower (melded)
Jewellery
 l - a ring of resist corrosion
 v - a ring of positive energy (left branch)
 y - a ring of poison resistance (right branch)
Scrolls
 b - a scroll of vulnerability
 c - 2 scrolls of magic mapping
 e - a scroll of amnesia {unknown}
 f - 2 scrolls of fog {unknown}
 h - 3 scrolls of teleportation {unknown}
 i - a scroll of blinking {unknown}
 j - 5 scrolls of enchant armour {unknown}
 m - 8 scrolls of identify {unknown}
 r - a scroll of summoning {unknown}
 t - 2 scrolls of fear {unknown}
 u - a scroll of noise {unknown}
Potions
 g - 6 potions of curing {unknown}
 k - a potion of resistance
 o - a potion of ambrosia {unknown}
 p - 4 potions of mutation {unknown}
 q - 3 potions of might {unknown}
 s - 2 potions of degeneration {unknown}
 x - a potion of haste {unknown}
 A - a potion of brilliance {unknown}


   Skills:
 + Level 4.1 Fighting
 + Level 4.2 Armour
 + Level 6.5 Dodging
 - Level 5.1 Stealth
 + Level 9.4 Spellcasting
 - Level 8.0 Conjurations
 + Level 3.6 Summonings
 + Level 4.0 Necromancy
 - Level 6.0 Translocations


You had 13 spell levels left.
You knew the following spells:

 Your Spells              Type           Power      Damage    Failure   Level
a - Magic Dart            Conj           100%       1d8       1%          1
b - Searing Ray           Conj           100%       2d8       1%          2
c - Iskenderun's Mystic   Conj/Tloc      51%        2d11      2%          4
d - Haunt                 Necr/Summ      17%        N/A       100%        7

Your spell library contained the following spells:

 Spells                   Type           Power      Damage    Failure   Level
 Dazzling Flash           Conj/Hex       70%        N/A       2%          3
 Stone Arrow              Conj/Erth      70%        3d11      2%          3
 Sandblast                Erth           26%        2d8       4%          1
 Mephitic Cloud           Conj/Pois/Air  28%        N/A       4%          3
 Passwall                 Tmut/Erth      10%        N/A       6%          2
 Animate Dead             Necr           17%        N/A       9%          4
 Fulminant Prism          Conj/Hex       17%        3d11      9%          4
 Confusing Touch          Hex            13%        N/A       13%         3
 Ignite Poison            Fire/Tmut/Pois 13%        N/A       13%         3
 Tukima's Dance           Hex            13%        N/A       13%         3
 Freezing Cloud           Conj/Ice/Air   14%        6-21      36%         5
 Metabolic Englaciation   Hex/Ice        6%         N/A       75%         5
 Infestation              Necr           17%        N/A       100%        8


Dungeon Overview and Level Annotations

Branches:
Dungeon (8/15)             Temple (1/1) D:4          Bailey (visited)
   Lair: D:8-11

Altars:
Ashenzari
Dithmenos
Elyvilon
Gozag
Makhleb
Nemelex Xobeh
Okawaru
Sif Muna
Xom
Yredelemnul
Zin

Shops:
D:2 (


Message History

The mystic blast hits the hornet but does no damage.
The hornet is severely wounded.
The mystic blast hits the yak!
The yak is almost dead.
The yak is knocked back by the mystic blast.
The yak collides with the hornet!
The yak attacks as you move away! The yak gores you!
An orc warrior comes into view. It is wielding a +0 halberd.
The yak attacks as you move away! The yak barely misses you.
The yak attacks as you move away! The yak completely misses you.
An orc comes into view. It is wielding a +0 club.
The orc priest looks satisfied for a moment.
The hornet attacks as you move away! The hornet misses you.
You hit the yak.
The yak is almost dead.
The yak completely misses you.
The orc priest looks satisfied for a moment.
The yak attacks as you move away! The yak gores you!
The orc priest begins to cast a cantrip, but forgets the words!
The hornet attacks as you move away! The hornet stings you!
You are poisoned.
You feel very sick.
The orc priest looks satisfied for a moment.
The hornet closely misses you. The hornet attacks as you move away!
The hornet misses you.
You feel very sick. The hornet attacks as you move away! The hornet stings you.
You feel sick. The hornet stings you. The hornet attacks as you move away!
The hornet stings you.
You feel sick. The hornet attacks as you move away! The hornet stings you!
* * * LOW HITPOINT WARNING * * *
You feel yourself slow down.
You feel sick. The hornet stings you.
* * * LOW HITPOINT WARNING * * *
You are more poisoned.
It was a potion of lignification.
You turn into a tree.
Your +2 cloak melds into your body.
Your +0 pair of boots melds into your body.
Your +2 leather armour of willpower melds into your body.
You feel less strong-willed.
Your roots penetrate the ground.
You feel yourself speed up.
You die...

# ####.##...# *,**** ** #
#.##...# *,* *≈ # ##.##...#
*,**** *≈ # #...(...# *,,,,***≈ #
#.......# *,**,,**≈ # #.....:##
*,**,,*≈≈ ####***
#......######.#*,,*≈≈
.....,***####..............,,,≈≈≈
.###.,,,,.....>.♣...#######,,,≈≈≈
##,+*****########y#.## *,,,,≈≈
#,^,***,,,**#....Y...# *,,≈,,≈
,,,***,,,,,*#......Y.## **,≈,≈≈
,,***,,,,,,,#........[# *,,≈≈≈
,**,,,,,,,,,###....#..# *,≈≈≈≈
,*,,*,,,,,,,* #.†..#o.## *,,≈≈≈
,,,***,,,,,** #.....#..# *,,≈≈≈
,***,+*,,,** #.....#..# *,≈≈≈≈


You could see 2 yaks, a hornet and an orc warrior.

Vanquished Creatures
  A deep elf pyromancer (D:7)
  A hornet (D:8)
  A wraith (D:7)
  A basilisk (D:8)
  Edmund (D:4)
  5 water moccasins
  7 orc warriors
  A sky beast (D:8)
  2 ogres
  4 centaurs
  A phantom (D:5)
  4 kobold brigands
  7 bullfrogs
  2 necrophages
  4 scorpions
  4 killer bees (D:7)
  4 electric eels (D:8)
  A howler monkey (D:7)
  A gnoll shaman (D:7)
  2 orc priests (D:4)
  Crazy Yiuf (D:3)
  A hound (D:5)
  4 jellies
  4 iguanas
  3 orc wizards
  10 gnolls
  5 adders
  A shadow imp (D:5)
  2 white imps
  An ufetubus (D:7)
  A dart slug (D:2)
  25 orcs
  5 bats
  3 endoplasms (D:1)
  2 giant cockroaches
  15 goblins
  13 hobgoblins
  8 jackals
  14 kobolds
  3 quokkas
  5 frilled lizards
  4 rats
184 creatures vanquished.

Vanquished Creatures (others)
  13 plants (D:8)
13 creatures vanquished.

Grand Total: 197 creatures vanquished

Notes
Turn   | Place    | Note
-------+----------+-------------------------------------------
     0 | D:1      | Essalna the Deep Elf Conjurer began the quest for the Orb.
     0 | D:1      | Reached XP level 1. HP: 10/10 MP: 6/6
   229 | D:1      | Reached XP level 2. HP: 15/15 MP: 4/8
  1148 | D:2      | Reached XP level 3. HP: 19/19 MP: 6/10
  1401 | D:2      | Found Diedd's Weapon Shop.
  1966 | D:3      | Found a faded altar of an unknown god.
  2109 | D:3      | Learned a level 2 spell: Searing Ray
  2177 | D:3      | Reached skill level 4 in Spellcasting
  2177 | D:3      | Reached skill level 5 in Conjurations
  2179 | D:3      | Reached XP level 4. HP: 24/24 MP: 6/12
  2401 | D:3      | Found a runed translucent door.
  2402 | D:3      | Noticed Crazy Yiuf
  2408 | D:3      | Killed Crazy Yiuf
  2920 | D:4      | Noticed Edmund
  2955 | D:4      | Learned a level 4 spell: Iskenderun's Mystic Blast
  3222 | D:4      | Got Vipp's Tome of Curses
  3290 | D:5      | Entered Level 5 of the Dungeon
  3306 | D:5      | Noticed a scorpion
  3314 | D:5      | Killed a scorpion
  3315 | D:5      | Reached skill level 1 in Translocations
  3315 | D:5      | Reached XP level 5. HP: 28/28 MP: 7/14
  3386 | D:5      | Noticed a water moccasin
  3393 | D:5      | Killed a water moccasin
  3394 | D:5      | Reached skill level 5 in Spellcasting
  3394 | D:5      | Reached XP level 6. HP: 24/32 MP: 7/15
  3571 | D:5      | Reached skill level 5 in Stealth
  4017 | D:4      | Reached skill level 6 in Spellcasting
  4231 | D:4      | Killed Edmund
  4232 | D:4      | Reached XP level 7. HP: 36/36 MP: 15/18
  4742 | D:4      | Found a staircase to the Ecumenical Temple.
  4762 | Temple   | Entered the Ecumenical Temple
  5193 | D:5      | Found a glowing silver altar of Zin.
  5311 | D:5      | Reached skill level 1 in Fighting
  5311 | D:5      | Reached skill level 1 in Armour
  5657 | D:5      | Found a shimmering altar of Xom.
  6023 | D:6      | Reached XP level 8. HP: 43/43 MP: 14/20
  6031 | D:6      | Learned a level 7 spell: Haunt
  6129 | D:6      | Reached skill level 7 in Spellcasting
  7606 | D:7      | Reached skill level 5 in Translocations
  7617 | D:7      | Noticed a cyclops
  8015 | D:7      | Reached XP level 9. HP: 41/49 MP: 14/22
  8031 | D:7      | Reached skill level 8 in Spellcasting
  8033 | D:7      | Reached skill level 5 in Dodging
  8146 | D:7      | Noticed a deep elf pyromancer
  8203 | D:7      | Killed a deep elf pyromancer
  8204 | D:7      | Reached skill level 1 in Summonings
  8204 | D:7      | Reached skill level 1 in Necromancy
  9337 | D:8      | Reached skill level 9 in Spellcasting
  9364 | D:8      | Reached XP level 10. HP: 30/56 MP: 6/25
  9393 | D:8      | Found a flagged portal.
  9417 | Bailey   | Entered a bailey
 10867 | D:8      | HP: 2/56 [hornet (5)]
 10868 | D:8      | Succumbed to a hornet's poison

Illustrated notes

Levels and vault maps discovered:
D:1:      onia_arrival_mini_maze_b, layout_basic, minmay_hedge_maze,
          chequers_serial_rivers_micro_a
D:2:      layout_basic, serial_shops, nicolae_shop_hallway_stairs,
          item_on_display_a
D:3:      layout_loops_ring, nicolae_ecumenical_pavilion,
          uniq_crazy_yiuf_cottage
D:4:      cheibrodos_thug_alley, layout_basic, minmay_temple_entry_offerings,
          uniq_edmund
D:5:      layout_basic, zin_statuary, lemuel_coloured_pillars_altar
D:6:      layout_basic, serial_bayou_pond_e
D:7:      minmay_opposing_rooms, layout_loops_ring, grunt_decor_junction,
          grunt_potential
D:8:      cheibrodos_histonic, layout_basic, enter_bailey_5, chequers_big_river,
          disabler_island
Temple:   jpeg_temple_island

Skill      XL: |  1  2  3  4  5  6  7  8  9 10 |
---------------+-------------------------------+-----
Stealth        | 3 4 5 |  5.1
Spellcasting   | 4 5 6 7 9 |  9.4
Conjurations   | 5 6 7 8 |  8.0
Translocations | 1 3 4 5 6 |  6.0
Fighting       | 1 2 3 4 |  4.1
Armour         | 1 2 3 4 |  4.2
Dodging        | 3 4 6 |  6.5
Summonings     | 2 3 |  3.6
Necromancy     | 3 4 |  4.0

Action                   |  1- 3 |  4- 6 |  7- 9 | 10-12 || total
-------------------------+-------+-------+-------+-------++-------
Melee: Whip              |       |     3 |     6 |    10 ||    19
 Cast: Magic Dart        |    73 |    47 |   125 |   107 ||   352
       Searing Ray       |     1 |    10 |    45 |     4 ||    60
       Iskenderun's Myst |       |       |     4 |    15 ||    19
Evoke: Wand              |       |     4 |       |     3 ||     7
  Use: Potion            |       |       |     2 |     1 ||     3
       Scroll            |       |       |     2 |       ||     2
Armor: Robe              |     1 |     5 |       |       ||     6
       Leather armour    |       |       |    31 |     5 ||    36
Dodge: Dodged            |     8 |     5 |    53 |    17 ||    83

Table legend: (Time is in decaauts)
 A = Elapsed time spent in this place.
 B = Non-inter-level travel time spent in this place.
 C = Inter-level travel time spent in this place.
 D = Time resting spent in this place.
 E = Time spent auto-exploring this place.
 F = Levels seen in this place.
 G = Mean time per level.
                   A        B        C        D        E       F      G
               +--------+--------+--------+--------+--------+-----+--------+
         Total |  10897 |  10569 |    328 |     77 |   9059 |  10 | 1089.7 |
       Dungeon |  10141 |   9836 |    305 |     77 |   8524 |   8 | 1267.6 |
        Temple |    189 |    166 |     23 |      0 |    144 |   1 |  189.0 |
        Bailey |    565 |    565 |      0 |      0 |    391 |   1 |  565.0 |
               +--------+--------+--------+--------+--------+-----+--------+

Top non-repeatable levels by time:
     D:7: 2254 daAuts
     D:4: 1608 daAuts
     D:5: 1255 daAuts
     D:6: 1122 daAuts
     D:1: 1086 daAuts
     D:8: 1016 daAuts
     D:3: 917 daAuts
     D:2: 880 daAuts
  Bailey: 565 daAuts
  Temple: 189 daAuts
